 Dungeon Sprint DCSS version 0.30-a0-920-g7493c07aab (webtiles) character file.

Game seed: 2708144096509671176

2354 dialectric the Imperceptible (level 9, -17/44 HPs)
             Began as a Spriggan Brigand on Mar 21, 2023.
             Shot with a bolt by a yaktaur captain (43 damage)
             ... in the Dungeon (Sprint II: "The Violet Keep of Menkaure").
             The game lasted 00:04:02 (654 turns).

dialectric the Imperceptible (Spriggan Brigand)      Turns: 654, Time: 00:04:03

Health: -17/44     AC:  3    Str: 10    XL:     9   Next: 20%
Magic:  10/10      EV: 23    Int:  8    God:
Gold:   853        SH:  0    Dex: 25    Spells: 8/8 levels left

rFire   + . .      SeeInvis +    h - +0 dagger "Umasupn" {spect, rF+ Str+4 Int-3}
rCold   . . .      Faith    .    (no shield)
rNeg    . . .      Spirit   .    b - +0 robe
rPois   .          Reflect  .    (helmet restricted)
rElec   .          Rampage  .    c - +0 cloak
rCorr   .          Clarity  +    (gloves unavailable)
Will    +....      NoTele   +    (boots unavailable)
Stlth   +++++++++                (no amulet)
HPRegen 0.27/turn                v - ring of flight
MPRegen 0.12/turn                (no ring)

@: flying, very quick
A: very small, no large weapons, unfitting armour, see invisible, speed 3, agile
1, clarity, frail 1
a: no special abilities


You were in the Dungeon.
You visited 1 branch You collected 1157 gold pieces.
You spent 304 gold pieces at shops.

Inventory:

Hand Weapons
 a - a +2 dagger
 h - the +0 dagger "Umasupn" (weapon) {spect, rF+ Str+4 Int-3}
   (You bought it in a shop in the Dungeon)

   Str:       It affects your strength (+4).
   Int:       It affects your intelligence (-3).
   rF:        It protects you from fire.
 q - a +2 dagger of speed
Missiles
 d - 3 poisoned darts (quivered)
Armour
 b - a +0 robe (worn)
 c - a +0 cloak (worn)
Jewellery
 v - a ring of flight (left hand)
 x - a ring of ice
Scrolls
 f - 6 scrolls of fear
 j - a scroll of enchant weapon {unknown}
 k - 2 scrolls of blinking
 p - 2 scrolls of poison {unknown}
 s - 4 scrolls of identify {unknown}
 t - 2 scrolls of fog {unknown}
 w - a scroll of enchant armour {unknown}
Potions
 g - a potion of brilliance {unknown}
 i - 5 potions of magic
 l - 3 potions of resistance {unknown}
 m - a potion of heal wounds
 n - 3 potions of flight {unknown}
 o - 2 potions of curing
 r - a potion of mutation {unknown}
 u - a potion of invisibility {unknown}
 z - a potion of ambrosia {unknown}


   Skills:
 + Level 6.4 Fighting
 + Level 10.9 Short Blades
 - Level 3.4 Throwing
 + Level 6.3 Dodging
 + Level 24.2 Stealth


You had 8 spell levels left.
You didn't know any spells.
Your spell library contained the following spells:

 Spells                   Type           Power      Damage    Failure   Level
 Blink                    Tloc           0%         N/A       54%         2
 Manifold Assault         Tloc           0%         N/A       99%         4
 Storm Form               Tmut/Air       0%         N/A       100%        7


Dungeon Overview and Level Annotations

Branches:
Dungeon (1/1)

Altars:
Cheibriados
Dithmenos
Elyvilon
Hepliaklqana
Kikubaaqudgha
Makhleb
Qazlal
Ru
Sif Muna
Trog
Uskayaw
Vehumet
Wu Jian
Xom
Yredelemnul
Zin
The Shining One
Jiyva
Lugonu

Shops:
D ?[:(!:=!?*[=[[[

Annotations:
D exclusions: ice statue and oklob plant, Kirke


Innate Abilities, Weirdness & Mutations

You are very small and have problems with some larger weapons.
You are too small for most types of armour.
You have supernaturally acute eyesight. (SInv)
You cover ground extremely quickly. (Speed+++)
You are agile. (Dex +4, Str/Int -1)
You possess an exceptional clarity of mind.
You are frail. (-10% HP)


Message History

The hornet misses you.
You hit the hornet but do no damage.
The hornet is lightly wounded.
Your +0 dagger "Umasupn" {spect, rF+ Str+4 Int-3} closely misses the hornet.
The hornet misses you.
You hit the hornet but do no damage.
The hornet is lightly wounded.
Your +0 dagger "Umasupn" {spect, rF+ Str+4 Int-3} misses the hornet.
You miss the hornet.
The hornet is lightly wounded.
Your +0 dagger "Umasupn" {spect, rF+ Str+4 Int-3} hits the hornet.
The hornet misses you.
You hit the hornet but do no damage.
The hornet is lightly wounded.
Your +0 dagger "Umasupn" {spect, rF+ Str+4 Int-3} hits the hornet but does no damage.
The hornet stings you but does no damage.
You barely miss the hornet.
The hornet is lightly wounded.
Your +0 dagger "Umasupn" {spect, rF+ Str+4 Int-3} barely misses the hornet.
The hornet barely misses you.
You completely miss the hornet.
The hornet is lightly wounded.
Your +0 dagger "Umasupn" {spect, rF+ Str+4 Int-3} hits the hornet but does no damage.
You catch the helpless hornet completely off-guard!
You spit the hornet like a pig!!!
You kill the hornet!
Your Stealth skill increases to level 24!
The polar bear bites you! The polar bear claws you.
The polar bear completely misses you.
You closely miss the polar bear.
Unknown command.
There is a staircase leading out of the dungeon here.
You reach down and open the door.
There is an open door, spattered with blood here.
A hell hog comes into view.
There is an open door here.
The yaktaur captain wields a +0 arbalest.
The yaktaur captain shoots a bolt.
The bolt hits you!!!
Ouch! That really hurt!
You die...

###########~K~.........#
##∩.......#~Y~~.##'##..#
##.∩.....∩#~~~~##..###.####
##∩.∩...∩.#@~~~#..##.# ...#
##.∩.∩.cK.#h~####.#.####..##
##..∩.∩.∩.#z##.###'###÷##..#
##...∩.∩..#~#.#.##.##...#..#
##....⌠...'~'##.hh<.'.##'..#
##........#@##..##†##.÷.#...
#▓▓▓▓▓▓▓###~##.###'###.##...
##$FF######~~####.#.####~~.§
#:!F#S ##~~~#÷###÷#~~~~~~
#∩P[+.. #'#~## #.##~~~~†§
#:$.#S## #)#~~# +##~~~≈≈§~
#!. ### ~~~ ~~~~~~≈≈≈
+++#+++#~≈≈≈≈ § ##≈≈≈#


You could see Kirke, a yaktaur captain, an elephant (wandering), a skeletal
warrior (wandering), a hell hog (wandering), a kobold demonologist (wandering)
and a cane toad.

Vanquished Creatures
  A hell hog (D)
  A polar bear (D)
  A hornet (D)
  A blink frog (D)
  2 wyverns (D)
  4 neqoxecs (D)
  Menkaure (D)
  4 necrophages (D)
  3 worms (D)
18 creatures vanquished.

Vanquished Creatures (others)
  A water moccasin (D)
  4 tentacles (D)
5 creatures vanquished.

Grand Total: 23 creatures vanquished

Notes
Turn   | Place    | Note
-------+----------+-------------------------------------------
     0 | D        | dialectric the Spriggan Brigand began the quest for the
                  | Orb.
     0 | D        | Reached XP level 1. HP: 10/10 MP: 2/2
     1 | D        | Noticed a neqoxec
     1 | D        | Noticed a neqoxec
     1 | D        | Noticed a neqoxec
     1 | D        | Noticed a neqoxec
     4 | D        | Gained mutation: You are frail. (-10% HP) [a neqoxec]
     6 | D        | Killed a neqoxec
     7 | D        | Reached skill level 13 in Stealth
     7 | D        | Reached XP level 2. HP: 14/14 MP: 3/3
     7 | D        | Reached XP level 3. HP: 17/17 MP: 4/4
     7 | D        | Reached XP level 4. HP: 20/20 MP: 5/5
    14 | D        | Killed a neqoxec
    15 | D        | Reached skill level 5 in Short Blades
    15 | D        | Reached skill level 16 in Stealth
    15 | D        | Reached XP level 5. HP: 9/25 MP: 6/6
    17 | D        | Gained mutation: You possess an exceptional clarity of
                  | mind. [a neqoxec]
    19 | D        | Gained mutation: You are agile. (Dex +4, Str/Int -1) [a
                  | neqoxec]
    22 | D        | Killed a neqoxec
    23 | D        | Reached skill level 18 in Stealth
    23 | D        | Reached XP level 6. HP: 12/29 MP: 7/7
    74 | D        | Noticed an ice statue
    76 | D        | Noticed Menkaure
    77 | D        | Found Uwnoufos's Antique Armour Boutique.
    85 | D        | Killed Menkaure
    86 | D        | Reached skill level 19 in Stealth
    86 | D        | Reached XP level 7. HP: 7/33 MP: 8/8
   166 | D        | Noticed a wyvern
   166 | D        | Noticed a wyvern
   169 | D        | Killed a wyvern
   170 | D        | Reached skill level 20 in Stealth
   197 | D        | HP: 1/34 [necrophage (2)]
   211 | D        | Killed a wyvern
   212 | D        | Reached skill level 21 in Stealth
   212 | D        | Reached XP level 8. HP: 9/37 MP: 9/9
   218 | D        | Reached skill level 5 in Fighting
   226 | D        | Found a hazy altar of Hepliaklqana.
   226 | D        | Found a snail-covered altar of Cheibriados.
   227 | D        | Found a stormy altar of Qazlal.
   227 | D        | Found a viscous altar of Jiyva.
   227 | D        | Found a shadowy altar of Dithmenos.
   228 | D        | Found a sacrificial altar of Ru.
   228 | D        | Found an ancient bone altar of Kikubaaqudgha.
   228 | D        | Found a white marble altar of Elyvilon.
   229 | D        | Found an ornate altar of the Wu Jian Council.
   229 | D        | Found a shimmering blue altar of Sif Muna.
   229 | D        | Found a corrupted altar of Lugonu.
   230 | D        | Found a shimmering altar of Xom.
   230 | D        | Found a bloodstained altar of Trog.
   230 | D        | Found a burning altar of Makhleb.
   231 | D        | Found a glowing golden altar of the Shining One.
   231 | D        | Found a basalt altar of Yredelemnul.
   231 | D        | Found a hide-covered altar of Uskayaw.
   233 | D        | Found a glowing silver altar of Zin.
   233 | D        | Found a radiant altar of Vehumet.
   241 | D        | Noticed a kraken
   265 | D        | Found the +3 greatsling "Punk" {acid, rCorr}
   368 | D        | Noticed a polar bear
   372 | D        | Noticed a hornet
   372 | D        | Noticed a polar bear
   390 | D        | Found Eciroh's Jewellery Shop.
   390 | D        | Found Yser's Magic Scroll Boutique.
   390 | D        | Found Naumuz's Armour Shop.
   390 | D        | Found Ybioroch's General Store.
   390 | D        | Found Faerasim's Antique Armour Boutique.
   390 | D        | Found Ladadgh's Distillery.
   390 | D        | Found Non Vokhei's Antique Armour Boutique.
   501 | D        | Found Defoipai's Jewellery Shop.
   501 | D        | Found Zoakij's Book Boutique.
   501 | D        | Noticed a death yak
   502 | D        | Found Fayjelig's Distillery.
   502 | D        | Found Suatodd's Antique Weapon Shop.
   502 | D        | Noticed an oklob plant
   503 | D        | Found Kiesch's Armour Shop.
   503 | D        | Found Baristoy's Magic Scroll Boutique.
   503 | D        | Found Fugiod's Book Shoppe.
   504 | D        | Noticed a cane toad
   505 | D        | Noticed a cane toad
   508 | D        | Bought a potion of curing for 39 gold pieces
   528 | D        | Bought an encrusted dagger for 217 gold pieces
   528 | D        | Identified the +0 dagger "Umasupn" {spect, rF+ Str+4 Int-3}
                  | (You bought it in a shop in the Dungeon)
   532 | D        | Bought a scroll of fear for 48 gold pieces
   552 | D        | Noticed a blink frog
   554 | D        | Killed a blink frog
   555 | D        | Reached skill level 5 in Dodging
   555 | D        | Reached skill level 22 in Stealth
   569 | D        | Noticed an elephant
   569 | D        | Noticed a centaur warrior
   569 | D        | Noticed Kirke
   569 | D        | Noticed a yaktaur captain
   569 | D        | Noticed a skeletal warrior
   569 | D        | Noticed a kobold demonologist
   613 | D        | Noticed a polar bear
   618 | D        | Killed a polar bear
   625 | D        | Noticed a hell hog
   629 | D        | Killed a hell hog
   630 | D        | Reached skill level 10 in Short Blades
   630 | D        | Reached skill level 23 in Stealth
   630 | D        | Reached XP level 9. HP: 40/43 MP: 10/10
   644 | D        | Reached skill level 24 in Stealth
   653 | D        | Noticed a hell hog
   654 | D        | Shot with a bolt by a yaktaur captain

Illustrated notes

Levels and vault maps discovered:
D:        the_violet_keep_of_menkaure [sprint2_stairs_cluster_1,
          sprint2_shoproom, sprint2_temple, sprint2_basic_supplies,
          sprint2_obstacle_4, sprint2_obstacle_3, sprint2_obstacle_2,
          sprint2_obstacle_6, sprint2_obstacle_1, sprint2_timed_cluster_1,
          sprint2_smallroom_cluster_1, sprint2_smallroom_final_cluster_1,
          sprint2_transparent_cluster_1, sprint2_second_timed_cluster_1,
          sprint2_sniper_area_1, sprint2_heavy_combat_area_1,
          sprint2_mutation_trap_area_1, sprint2_forest_area_1,
          sprint2_light_combat_area_1, sprint2_behind_water_1,
          sprint2_near_end_vault_1]

Skill      XL: |  1  2  3  4  5  6  7  8  9 |
---------------+----------------------------+-----
Fighting       | 2 3 4 6 |  6.4
Short Blades   | 4 5 6 7 8 10 | 10.9
Throwing       | 3 |  3.4
Dodging        | 2 3 4 6 |  6.3
Stealth        | 13 16 18 19 21 23 24 | 24.2

Action                     |  1- 3 |  4- 6 |  7- 9 || total
---------------------------+-------+-------+-------++-------
  Melee: Dagger            |     4 |    24 |    69 ||    97
         Punch             |       |       |     3 ||     3
  Throw: Dart              |       |     3 |     9 ||    12
    Use: Potion            |     1 |     1 |     2 ||     4
         Scroll            |       |       |     2 ||     2
   Stab: Sleeping          |       |     2 |     5 ||     7
         Distracted        |       |       |     4 ||     4
 Armour: Robe              |     1 |     1 |     4 ||     6
  Dodge: Dodged            |       |     8 |    32 ||    40

Table legend: (Time is in decaauts)
 A = Elapsed time spent in this place.
 B = Non-inter-level travel time spent in this place.
 C = Inter-level travel time spent in this place.
 D = Time resting spent in this place.
 E = Time spent auto-exploring this place.
 F = Levels seen in this place.
 G = Mean time per level.
                   A        B        C        D        E       F      G
               +--------+--------+--------+--------+--------+-----+--------+
         Total |    511 |    511 |      0 |    199 |     27 |   1 |  511.0 |
       Dungeon |    511 |    511 |      0 |    199 |     27 |   1 |  511.0 |
               +--------+--------+--------+--------+--------+-----+--------+

Top non-repeatable levels by time:
       D: 511 daAuts
